 Dungeon Crawl Stone Soup version 0.14-a0-59-gd5eeb80 (webtiles) character file.

9350 Sachiko the Grappler (level 11, -19/101 HPs)
             Began as a Troll Monk on Sept 30, 2013.
             Demolished by Maud
             ... wielding a +1,+1 demon trident
              (28 damage)
             ... on Level 4 of the Lair of Beasts.
             The game lasted 00:36:16 (8636 turns).

Sachiko the Grappler (Troll Monk)                   Turns: 8636, Time: 00:36:16

HP -19/101       AC  7     Str 21      XL: 11   Next: 14%
MP   3/3         EV 14     Int  8      God:
Gold 534         SH  0     Dex 13      Spells:  0 memorised, 10 levels left

Res.Fire  : . . .   See Invis. : .     - Unarmed
Res.Cold  : . . .   Warding    : .   j - +0 troll leather armour
Life Prot.: . . .   Conserve   : .   (shield restricted)
Res.Poison: .       Res.Corr.  : .   (helmet restricted)
Res.Elec. : .       Clarity    : .   (no cloak)
Sust.Abil.: . .     Spirit.Shd : .   (gloves unavailable)
Res.Mut.  : .       Stasis     : .   (boots unavailable)
Res.Rott. : .       Flight     : .   (no amulet)
Gourmand  : +                        r - ring of protection from magic
                                     x - ring of protection from magic

@: about to teleport, very resistant to hostile enchantments, unstealthy
A: unfitting armour, claws 3, fast metabolism 3, gourmand, regeneration 2,
saprovore 2, tough skin 2, AC +1
a: no special abilities


You were on level 4 of the Lair of Beasts.
You were very full.

You visited 3 branches of the dungeon, and saw 14 of its levels.

You collected 534 gold pieces.

Inventory:

Armour
 a - a +1 robe
 j - a +0 troll leather armour (worn)
Magical devices
 A - a wand of heal wounds (2)
Comestibles
 b - 5 meat rations
 d - 11 sultanas
 h - 3 bread rations
 i - 2 chokos
 u - 4 rotting chunks of jackal flesh
 v - a rambutan
 D - a pear
 F - a rotting chunk of rat flesh
 J - a rotting chunk of adder flesh
 K - 6 chunks of elephant flesh
Scrolls
 c - a scroll of teleportation
 g - a scroll of enchant armour
 k - 4 scrolls of remove curse
 l - a scroll of fog
 n - a scroll of enchant weapon I
 s - 3 scrolls of identify
 w - 2 scrolls of magic mapping
 y - 2 scrolls of recharging
 E - a scroll of curse weapon
Jewellery
 f - an uncursed ring of positive energy
 m - an uncursed ring of fire
 o - an uncursed ring of teleport control
 p - an uncursed ring of magical power
 r - a ring of protection from magic (right claw)
 x - a ring of protection from magic (left claw)
 z - an uncursed amulet of rage
 B - a +2 ring of intelligence
 G - an uncursed ring of ice
Potions
 q - a potion of paralysis
 t - a potion of brilliance
Miscellaneous
 C - a phial of floods (inert)


   Skills:
 + Level 5.8 Fighting
 + Level 8.5 Dodging
 - Level 1.1 Stealth
 * Level 13.2 Unarmed Combat


You had 10 spell levels left.
You didn't know any spells.

Dungeon Overview and Level Annotations

Branches:
Dungeon (9/27)             Temple (1/1) D:7            Lair (4/8) D:9
    Orc: D:6-11       Swamp: Lair:3-6    Shoals: Lair:3-6     Snake: Lair:3-6
 Spider: Lair:3-6

Altars:
Ashenzari
Cheibriados
Elyvilon
Fedhas
Kikubaaqudgha
Makhleb
Nemelex Xobeh
Okawaru
Sif Muna
Trog
Vehumet
Xom
Yredelemnul
Zin
the Shining One
Lugonu

Shops:
D:4 %   D:6 }   D:7 [

Annotations:
Lair:4 Maud


Innate Abilities, Weirdness & Mutations

You are too large for most types of armour.
You have claws for hands.
Your metabolism is lightning-fast.
You like to eat raw meat.
You heal very quickly.
You can eat rotten meat.
You are covered in fur (AC +1).
You have very tough skin (AC +2).


Message History

You are too injured to fight recklessly!
Drink which item? (? for menu, Esc to quit)
Okay, then.
Read which item? (? for menu, Esc to quit)
As you read the scroll of fear, it crumbles to dust.
You assume a fearsome visage.
Maud easily resists.
The giant slug looks frightened!
Maud closely misses you.
Something in your inventory has become rotten. (slot F) Drink which item? (? for menu, Esc to quit)
Okay, then.
Read which item? (? for menu, Esc to quit)
As you read the scroll of teleportation, it crumbles to dust.
You feel strangely unstable.
You are too injured to fight recklessly!
You hit Maud.
Maud is severely wounded.
Maud hits you with a demon trident!
* * * LOW HITPOINT WARNING * * *
Maud hits you from afar with a demon trident!
You die...

##.#.#.......##
####.............
#.#............#.
#..............#
##..f...........
##..........#..
####.........## #
#......(.....##...#
##........@........
....................
#..........@..!.....
..................
.................
............j...
..............
...........
.........


You could see Maud (bleeding) and a giant slug (fleeing).

Vanquished Creatures
  Pikel (D:6)
  Joseph (D:7)
  3 elephants (Lair:4)
  A deep elf priest (D:9)
  Grinder (D:4)
  2 trolls
  10 yaks (D:9)
  A hippogriff (D:6)
  A wyvern (D:9)
  3 wolves (Lair:1)
  3 orc warriors
  A phantom (D:6)
  A porcupine (Lair:4)
  7 ogres
  2 black bears
  A crocodile (D:9)
  Sigmund (D:7)
  5 centaurs
  A water moccasin (Lair:4)
  Blork the orc (D:4)
  4 giant frogs
  A troll zombie (D:9)
  A spectral elf (D:8)
  4 killer bees (D:9)
  7 crimson imps
  A goliath beetle (D:7)
  A centaur zombie (D:5)
  7 hounds
  2 jellies
  A scorpion (D:7)
  A centaur skeleton (D:8)
  An iguana (D:5)
  3 orc wizards
  3 orc priests
  5 worker ants
  4 gnolls
  10 adders
  5 worms
  5 giant geckos
  An ooze (D:5)
  10 orcs
  2 ball pythons
  7 bats
  5 giant cockroaches
  16 hobgoblins
  11 jackals
  7 quokkas
  A giant gecko skeleton (D:9)
  7 giant newts
  A giant spore (D:9)
  14 goblins
  A hobgoblin skeleton (D:9)
  A hobgoblin zombie (D:5)
  15 kobolds
  A kobold zombie (D:8)
  20 rats
  10 ballistomycetes
243 creatures vanquished.

Vanquished Creatures (others)
  A slave (D:6)
  A giant frog (D:6)
  An orc priest (D:9)
  A gnoll (D:6)
  An adder (D:6)
  A ball python (D:6)
  A giant spore (D:6)
7 creatures vanquished.

Grand Total: 250 creatures vanquished

Notes
Turn   | Place    | Note
--------------------------------------------------------------
     0 | D:1      | Sachiko, the Troll Monk, began the quest for the Orb.
     0 | D:1      | Reached XP level 1. HP: 20/20 MP: 0/0
    84 | D:1      | Reached XP level 2. HP: 16/28 MP: 0/0
   382 | D:1      | Reached XP level 3. HP: 35/35 MP: 1/1
   870 | D:2      | Reached skill level 5 in Unarmed Combat
   870 | D:2      | Reached XP level 4. HP: 44/44 MP: 1/1
   932 | D:2      | Found a sparkling altar of Nemelex Xobeh.
  1166 | D:2      | Found a burning altar of Makhleb.
  1478 | D:3      | Found a shattered altar of Ashenzari.
  1567 | D:3      | Reached XP level 5. HP: 45/50 MP: 1/1
  2081 | D:4      | Noticed Grinder
  2104 | D:4      | Killed Grinder
  2104 | D:4      | Reached skill level 6 in Unarmed Combat
  2104 | D:4      | Reached XP level 6. HP: 42/59 MP: 2/2
  2126 | D:4      | Noticed an ogre
  2143 | D:4      | Killed an ogre
  2349 | D:4      | Found a snail-covered altar of Cheibriados.
  2349 | D:4      | Found a glowing golden altar of the Shining One.
  2460 | D:4      | Reached XP level 7. HP: 64/66 MP: 2/2
  2485 | D:4      | Found Kutoix's Food Boutique.
  2517 | D:4      | Noticed Blork the orc
  2547 | D:4      | Killed Blork the orc
  2547 | D:4      | Reached skill level 7 in Unarmed Combat
  2792 | D:5      | Entered Level 5 of the Dungeon
  3074 | D:5      | Reached skill level 5 in Dodging
  3215 | D:5      | Reached skill level 8 in Unarmed Combat
  3215 | D:5      | Reached XP level 8. HP: 71/75 MP: 2/2
  3639 | D:6      | Noticed Pikel
  3656 | D:6      | Found Itwiesai's Gadget Emporium.
  3671 | D:6      | Noticed a troll
  4024 | D:6      | Killed Pikel
  4024 | D:6      | Reached skill level 9 in Unarmed Combat
  4094 | D:6      | Reached XP level 9. HP: 28/83 MP: 3/3
  4279 | D:6      | Killed a troll
  4279 | D:6      | Reached skill level 10 in Unarmed Combat
  4741 | D:6      | Found a glowing silver altar of Zin.
  4754 | D:6      | Noticed an angel
  4872 | D:6      | Found a deep blue altar of Sif Muna.
  5064 | D:7      | Found a radiant altar of Vehumet.
  5082 | D:7      | Noticed Joseph
  5089 | D:7      | Killed Joseph
  5154 | D:7      | Found a staircase to the Ecumenical Temple.
  5159 | Temple   | Entered the Ecumenical Temple
  5252 | D:7      | Found Jumal's Armour Boutique.
  5289 | D:7      | Reached skill level 11 in Unarmed Combat
  5560 | D:7      | Noticed Sigmund
  5836 | D:7      | Paralysed by a potion of paralysis for 6 turns
  5917 | D:7      | Killed Sigmund
  6222 | D:8      | Reached XP level 10. HP: 83/93 MP: 3/3
  6265 | D:8      | Found a sparkling altar of Nemelex Xobeh.
  6798 | D:8      | Found a basalt altar of Yredelemnul.
  6804 | D:8      | Reached skill level 5 in Fighting
  7397 | D:9      | Found a staircase to the Lair.
  7529 | D:9      | Reached skill level 12 in Unarmed Combat
  7728 | D:9      | Found an iron altar of Okawaru.
  8140 | Lair:1   | Entered Level 1 of the Lair of Beasts
  8416 | Lair:4   | Reached XP level 11. HP: 87/101 MP: 3/3
  8417 | Lair:4   | Noticed an elephant
  8420 | Lair:4   | Noticed an elephant
  8429 | Lair:4   | Noticed an elephant
  8430 | Lair:4   | Noticed an elephant
  8431 | Lair:4   | Noticed an elephant
  8439 | Lair:4   | Killed an elephant
  8439 | Lair:4   | Reached skill level 13 in Unarmed Combat
  8448 | Lair:4   | Killed an elephant
  8486 | Lair:4   | Killed an elephant
  8618 | Lair:4   | Noticed Maud
  8636 | Lair:4   | Demolished by Maud

Action                   |  1- 3 |  4- 6 |  7- 9 | 10-12 || total
-------------------------+-------+-------+-------+-------++-------
Melee: Unarmed           |   109 |   116 |   320 |   240 ||   785
Evoke: Wand              |       |       |       |     1 ||     1
       Miscellaneous     |       |       |       |     1 ||     1
  Use: Scroll            |     8 |     9 |     9 |    11 ||    37
       Potion            |     2 |     3 |     3 |     5 ||    13
 Stab: Sleeping          |     1 |       |       |       ||     1
       Distracted        |       |       |     1 |       ||     1
